 Dungeon Sprint DCSS version 0.31-a0-590-g8a5a4361df (webtiles) character file.

Game seed: 3581866766424371955

118 zazu2006 the Prestidigitator (level 5, -2/63 HPs)
             Began as a Gnoll Wanderer on Aug 19, 2023.
             Slain by a killer bee (4 damage)
             ... in the Dungeon (Sprint IV: "Fedhas' Mad Dash").
             The game lasted 00:02:24 (402 turns).

zazu2006 the Prestidigitator (Gnoll Wanderer)        Turns: 402, Time: 00:02:25

Health: -2/63      AC:  3    Str: 12    XL:     5   Next: 2%
Magic:  9/9        EV: 13    Int: 11    God:
Gold:   48         SH:  0    Dex: 13    Spells: 10/10 levels left

rFire   . . .        a - +2 mace
rCold   . . .        (no shield)
rNeg    . . .        e - +0 leather armour
rPois   .            (no helmet)
rElec   .            (no cloak)
rCorr   .            (no gloves)
SInv    .            (no boots)
Will    .....        l - amulet of invisibility {+Inv} Stlth
                     (no ring)
HPRegen 0.30/turn    (no ring)
MPRegen 0.11/turn

%: no teleportation
@: berserking, lethally poisoned (-2 -> -8), very slightly contaminated, very
quick
A: fangs 1, strong nose, distributed training
a: Evoke Invisibility


You were in the Dungeon.
You visited 1 branch You collected 48 gold pieces.

Inventory:

Hand Weapons
 a - a +2 mace (weapon)
Armour
 e - a +0 leather armour (worn)
Jewellery
 l - the amulet of invisibility (around neck) {+Inv}
   (You found it in the Dungeon)

   [amulet of nothing]

   +Inv:      It lets you turn invisible.
Wands
 c - a wand of flame (4) (quivered)
Scrolls
 d - a scroll of teleportation
 k - a scroll of blinking
Potions
 b - a potion of attraction
 h - a potion of haste
 i - 2 potions of magic


   Skills:
 + Level 4.1 Fighting
 + Level 3.2 Short Blades
 + Level 3.2 Long Blades
 + Level 3.2 Axes
 + Level 7.3 Maces & Flails
 + Level 3.2 Polearms
 + Level 3.2 Staves
 + Level 3.2 Ranged Weapons
 + Level 3.2 Throwing
 + Level 4.1 Armour
 + Level 4.1 Dodging
 + Level 3.2 Stealth
 + Level 3.2 Shields
 + Level 3.2 Unarmed Combat
 + Level 3.2 Spellcasting
 + Level 2.6 Conjurations
 + Level 2.6 Hexes
 + Level 2.6 Summonings
 + Level 2.6 Necromancy
 + Level 2.6 Translocations
 + Level 2.6 Transmutations
 + Level 2.6 Fire Magic
 + Level 2.6 Ice Magic
 + Level 2.6 Air Magic
 + Level 2.6 Earth Magic
 + Level 2.6 Poison Magic
 + Level 3.5 Invocations
 + Level 9.1 Evocations
 + Level 2.6 Shapeshifting


You had 10 spell levels left.
You didn't know any spells.
Your spell library was empty.

Dungeon Overview and Level Annotations

Branches:
Dungeon (1/1)

Altars:
Cheibriados
Dithmenos
Elyvilon
Gozag
Hepliaklqana
Kikubaaqudgha
Makhleb
Nemelex Xobeh
Okawaru
Qazlal
Ru
Sif Muna
Trog
Uskayaw
Vehumet
Wu Jian
Xom
Yredelemnul
Zin
The Shining One
Jiyva
Lugonu

Annotations:
D exclusion: oklob sapling


Innate Abilities, Weirdness & Mutations

You have very sharp teeth.
Your uncanny sense of smell can sniff out nearby items.
Your experience applies equally to all skills.


Message History

The killer bee attacks as you move away!
The killer bee stings you.
You feel very sick.
The killer bee stings you but does no damage.
The killer bee barely misses you.
The queen bee calls on the killer bee to defend it!
The killer bee goes berserk!
The killer bee attacks as you move away!
The killer bee barely misses you.
You feel sick. The killer bee barely misses you.
You feel sick. The killer bee closely misses you. x2
The killer bee barely misses you. x2
There is an open door here.
You feel better. The killer bee stings you! The killer bee closely misses you.
The killer bee misses you. The killer bee closely misses you.
The killer bee stings you.
* * * LOW HITPOINT WARNING * * *
You are poisoned.
The killer bee poisons you!
Unknown command.
Okay, then.
You feel sick. The killer bee stings you.
* * * LOW HITPOINT WARNING * * *
You are more poisoned.
The killer bee poisons you! The killer bee barely misses you.
A red film seems to cover your vision as you go berserk!
You feel yourself moving faster!
You feel mighty!
* * * LOW HITPOINT WARNING * * *
You feel very sick.
The killer bee barely misses you. x2; The killer bee completely misses you.
The queen bee calls on the killer bee to defend it!
The killer bee goes berserk!
Unknown command.
You closely miss the killer bee.
* * * LOW HITPOINT WARNING * * *
You feel sick. The killer bee misses you. The killer bee completely misses you.
You closely miss the killer bee.
* * * LOW HITPOINT WARNING * * *
You feel sick. The killer bee stings you.
You die...

###############################
#<..P#.....#.....#.⌠._._._._.⌠.
#PP..†.[...'.#[(.'.._._._._._..
#PPPP#.....#.#...#..._._P_._...
###############'##.._._._._._..
#...♣......yyy@..#._._._._._.⌠.
#......♣...yy#...##############
#.....♣..♣..###### ∆
##+####+##### ∆ ∆ ∆ ∆∆∆∆ ∆ ∆ ∆
∆∆


You could see a queen bee and 4 killer bees.

Vanquished Creatures
  A scorpion (D)
  2 oklob saplings (D)
  A river rat (D)
  A rat (D)
5 creatures vanquished.

Notes
Turn   | Place    | Note
-------+----------+-------------------------------------------
     0 | D        | zazu2006 the Gnoll Wanderer began the quest for the Orb.
     0 | D        | zazu2006 set off with the following items: a +2 mace, a
                  | potion of attraction, a wand of flame (4), a scroll of
                  | teleportation, a +0 leather armour, a potion of curing, a
                  | potion of heal wounds, a potion of haste, 2 potions of
                  | magic, a potion of berserk rage, a scroll of blinking.
     0 | D        | Reached XP level 1. HP: 17/17 MP: 1/1
    18 | D        | Reached skill level 1 in Short Blades
    18 | D        | Reached skill level 1 in Long Blades
    18 | D        | Reached skill level 1 in Axes
    18 | D        | Reached skill level 1 in Polearms
    18 | D        | Reached skill level 1 in Staves
    18 | D        | Reached skill level 1 in Ranged Weapons
    18 | D        | Reached skill level 1 in Throwing
    18 | D        | Reached skill level 1 in Stealth
    18 | D        | Reached skill level 1 in Shields
    18 | D        | Reached skill level 1 in Unarmed Combat
    18 | D        | Reached skill level 1 in Spellcasting
    18 | D        | Reached skill level 1 in Invocations
    18 | D        | Reached XP level 2. HP: 19/23 MP: 1/3
    21 | D        | Reached skill level 1 in Conjurations
    21 | D        | Reached skill level 1 in Hexes
    21 | D        | Reached skill level 1 in Summonings
    21 | D        | Reached skill level 1 in Necromancy
    21 | D        | Reached skill level 1 in Translocations
    21 | D        | Reached skill level 1 in Transmutations
    21 | D        | Reached skill level 1 in Fire Magic
    21 | D        | Reached skill level 1 in Ice Magic
    21 | D        | Reached skill level 1 in Air Magic
    21 | D        | Reached skill level 1 in Earth Magic
    21 | D        | Reached skill level 1 in Poison Magic
    21 | D        | Reached skill level 1 in Shapeshifting
    44 | D        | Noticed an oklob sapling
    45 | D        | Killed an oklob sapling
    46 | D        | Reached XP level 3. HP: 29/29 MP: 3/6
    47 | D        | Noticed a scorpion
    47 | D        | Found the amulet of invisibility {+Inv}
    57 | D        | Killed a scorpion
    58 | D        | Reached skill level 9 in Evocations
    58 | D        | Reached XP level 4. HP: 25/37 MP: 4/8
   110 | D        | Reached XP level 5. HP: 20/42 MP: 9/9
   207 | D        | Found an opulent altar of Gozag.
   207 | D        | Found a hazy altar of Hepliaklqana.
   207 | D        | Found a snail-covered altar of Cheibriados.
   208 | D        | Found a viscous altar of Jiyva.
   208 | D        | Found a burning altar of Makhleb.
   208 | D        | Found a sparkling altar of Nemelex Xobeh.
   208 | D        | Found a sacrificial altar of Ru.
   208 | D        | Found a shimmering blue altar of Sif Muna.
   208 | D        | Found a bloodstained altar of Trog.
   208 | D        | Found an ornate altar of the Wu Jian Council.
   208 | D        | Found a shimmering altar of Xom.
   208 | D        | Found a basalt altar of Yredelemnul.
   209 | D        | Found an iron altar of Okawaru.
   209 | D        | Found a shadowy altar of Dithmenos.
   209 | D        | Found a glowing silver altar of Zin.
   210 | D        | Found an ancient bone altar of Kikubaaqudgha.
   210 | D        | Found a hide-covered altar of Uskayaw.
   211 | D        | Found a stormy altar of Qazlal.
   211 | D        | Found a white marble altar of Elyvilon.
   211 | D        | Found a glowing golden altar of the Shining One.
   212 | D        | Found a corrupted altar of Lugonu.
   212 | D        | Found a radiant altar of Vehumet.
   375 | D        | Noticed a queen bee
   401 | D        | HP: 3/63 [poisoned by a killer bee]
   402 | D        | Slain by a killer bee

Illustrated notes

Levels and vault maps discovered:
D:        dungeon_sprint_fedhas [sprint_temple]

Skill      XL: |  1  2  3  4 |
---------------+-------------+-----
Short Blades   | 1 2 3 |  3.2
Long Blades    | 1 2 3 |  3.2
Axes           | 1 2 3 |  3.2
Polearms       | 1 2 3 |  3.2
Staves         | 1 2 3 |  3.2
Ranged Weapons | 1 2 3 |  3.2
Throwing       | 1 2 3 |  3.2
Stealth        | 1 2 3 |  3.2
Shields        | 1 2 3 |  3.2
Unarmed Combat | 1 2 3 |  3.2
Spellcasting   | 1 2 3 |  3.2
Invocations    | 1 2 3 |  3.5
Conjurations   | 1 2 |  2.6
Hexes          | 1 2 |  2.6
Summonings     | 1 2 |  2.6
Necromancy     | 1 2 |  2.6
Translocations | 1 2 |  2.6
Transmutations | 1 2 |  2.6
Fire Magic     | 1 2 |  2.6
Ice Magic      | 1 2 |  2.6
Air Magic      | 1 2 |  2.6
Earth Magic    | 1 2 |  2.6
Poison Magic   | 1 2 |  2.6
Shapeshifting  | 1 2 |  2.6
Fighting       | 3 4 |  4.1
Armour         | 3 4 |  4.1
Dodging        | 3 4 |  4.1
Maces & Flails | 7 |  7.3
Evocations     | 9 |  9.1

Action                     |  1- 3 |  4- 6 || total
---------------------------+-------+-------++-------
  Melee: Mace              |    21 |    29 ||    50
         Bite              |     2 |     2 ||     4
         Punch             |     1 |     1 ||     2
Ability: Evoke Invisibilit |       |     3 ||     3
    Use: Potion            |       |     3 ||     3
   Stab: Sleeping          |     2 |     2 ||     4
         Invisible         |       |     5 ||     5
 Armour: Leather armour    |     1 |     2 ||     3
  Dodge: Dodged            |    17 |    33 ||    50

Table legend: (Time is in decaauts)
 A = Elapsed time spent in this place.
 B = Non-inter-level travel time spent in this place.
 C = Inter-level travel time spent in this place.
 D = Time resting spent in this place.
 E = Time spent auto-exploring this place.
 F = Levels seen in this place.
 G = Mean time per level.
                   A        B        C        D        E       F      G
               +--------+--------+--------+--------+--------+-----+--------+
         Total |    404 |    404 |      0 |    230 |      0 |   1 |  404.0 |
       Dungeon |    404 |    404 |      0 |    230 |      0 |   1 |  404.0 |
               +--------+--------+--------+--------+--------+-----+--------+

Top non-repeatable levels by time:
       D: 404 daAuts
